Map: 暮色之塔

Players

飞天猪肉

  • Race: Terran Terran
  • League: Diamond

Quail - Winner!

  • Race: Protoss Protoss
  • League: Platinum

VOD

Have the link to the VOD?

Description

Time

  • Played on: Dec. 4, 2015, 4:09 a.m.
  • Length: 13:38
Show
View Real Time Build Order
Export as new Build Order

飞天猪肉 Terran 

Build Orders: MMM Bio 

Get SALT Encoding   

  12  0:01  SCV  
  13  0:14  Supply Depot  
  13  0:17  SCV  
  14  0:29  SCV  
  15  0:38  Barracks  
  15  0:41  SCV  
  16  0:46  Refinery  
  16  0:54  Refinery  
  16  0:55  SCV  
  17  1:09  SCV  
  18  1:19  Barracks  
  18  1:21  SCV  
  19  1:28  Reaper  
  20  1:36  Orbital Command  
  20  1:48  Supply Depot  
  20  2:03  Reaper  
  21  2:08  SCV  
  21  2:11  Reaper  
  23  2:27  Barracks  
  23  2:29  SCV  
  24  2:35  Reaper  
  25  2:41  SCV  
  25  2:43  Reaper  
  27  2:53  SCV  
  28  3:06  Supply Depot  
  28  3:07  Reaper  
  29  3:14  Bunker  
  29  3:15  Reaper  
  29  3:33  Reaper  
  30  3:35  Command Center  
  30  3:37  SCV  
  30  3:39  Reaper  
  30  3:40  Supply Depot  
  32  3:47  Reaper  
  31  4:06  Reaper  
  31  4:11  Reaper  
  31  4:25  Barracks  
  31  4:30  SCV  
  33  4:36  Engineering Bay  
  34  4:40  Barracks  
  34  4:42  SCV  
  36  4:47  Barracks Reactor  
  33  4:53  Barracks Reactor  
  33  4:55  Barracks Tech Lab, Orbital Command  
  33  4:58  SCV, Refinery  
  34  5:07  Terran Infantry Weapons Level 1  
  34  5:10  SCV  
  34  5:13  Missile Turret  
  35  5:14  Barracks Reactor  
  35  5:17  Supply Depot  
  35  5:18  Marauder  
  35  5:19  Stimpack  
  37  5:22  SCV  
  37  5:23  SCV  
  39  5:35  SCV, Marine  
  40  5:37  Barracks Tech Lab  
  40  5:39  Marine x2  
  40  5:40  Supply Depot, Marine  
  44  5:46  SCV  
  44  5:47  SCV  
  46  5:52  Missile Turret  
  46  5:53  Marine x2  
  46  5:55  Marauder  
  50  5:59  SCV x2  
  52  6:04  Supply Depot  
  44  6:18  Marine  
  44  6:19  Marine x2, Marauder x2  
  44  6:25  Bunker  
  51  6:26  SCV  
  51  6:30  SCV  
  53  6:38  SCV  
  53  6:39  Marine x2  
  56  6:40  Marauder x2  
  56  6:42  SCV, Concussive Shells  
  60  6:54  SCV  
  59  7:05  Marauder, Marine  
  59  7:06  Factory, Marauder, Marine  
  59  7:07  Terran Infantry Armor Level 1, SCV  
  66  7:12  SCV  
  67  7:15  Refinery  
  67  7:20  Marine x2  
  69  7:23  SCV  
  69  7:24  SCV  
  69  7:36  SCV  
  69  7:41  Supply Depot  
  69  7:42  Supply Depot  
  69  7:46  Marine x2  
  69  7:47  Marine x2  
  69  7:48  SCV, Marauder  
  69  7:50  SCV  
  77  7:51  Supply Depot  
  77  7:53  Factory Reactor, Starport  
  77  7:57  Combat Shields  
  77  8:00  SCV  
  77  8:03  SCV  
  79  8:08  Supply Depot  
  79  8:12  SCV  
  79  8:15  SCV, Missile Turret  
  81  8:20  Armory  
  81  8:25  SCV  
  82  8:28  SCV  
  82  8:31  Supply Depot  
  83  8:37  SCV  
  84  8:43  Missile Turret  
  84  8:47  Command Center  
  84  8:50  Medivac x2  
  88  9:06  Engineering Bay  
  88  9:13  Factory Reactor  
  88  9:15  Terran Infantry Weapons Level 2  
  88  9:17  Supply Depot  
  88  9:20  Supply Depot, Medivac x2  
  92  9:43  Missile Turret  
  96  9:45  Marine, Marauder  
  96  9:46  Marine x4, Marauder  
  96  9:47  Marine  
  96  9:52  Terran Infantry Armor Level 2  
  102  10:03  Marine  
  102  10:04  Missile Turret  
  102  10:05  Orbital Command  
  105  10:07  Marauder  
  105  10:11  Marine, Marauder  
  108  10:24  Medivac x2  
  114  10:28  Marauder  
  114  10:30  Sensor Tower  
  114  10:31  Orbital Command  
  114  10:47  Refinery  
  114  10:52  Marine  
  114  10:53  Marine x4  
  114  10:54  Marauder x2  
  123  11:01  Refinery  
  123  11:03  SCV  
  124  11:05  Factory Tech Lab  
  124  11:06  SCV  
  124  11:09  SCV  
  126  11:18  Command Center, SCV, Marine  
  126  11:19  Marine x2  
  126  11:21  SCV  
  131  11:31  Supply Depot  
  131  11:33  SCV  
  131  11:39  Siege Tank  
  135  11:44  Factory  
  135  11:49  Marauder x2, Marine x2  
  135  11:50  Marine  
  138  11:55  Missile Turret  
  136  12:03  Missile Turret  
  136  12:04  SCV  
  137  12:11  Marauder  
  137  12:12  Marine x2, Marauder  
  137  12:13  Marine  
  144  12:16  SCV  
  144  12:17  Siege Tank  
  148  12:28  SCV  
  149  12:32  Orbital Command, Marauder  
  149  12:33  Marauder  
  153  12:37  Marine x3  
  153  12:38  Marine x2  
  153  12:40  Supply Depot  
  153  12:42  Factory Tech Lab  
  159  12:44  SCV  
  159  12:53  Marauder  
  159  12:54  Marauder  
  163  13:04  Orbital Command  
  163  13:10  Marine x3  
  166  13:15  Marauder  
  166  13:16  Marauder  
Show
View Real Time Build Order
Export as new Build Order

Quail Protoss - Winner!

Build Orders: 1 Gate Expand 

Get SALT Encoding   

  12  0:01  Probe (Chrono Boost)  
  13  0:11  Probe (Chrono Boost)  
  14  0:17  Pylon  
  14  0:22  Probe (Chrono Boost)  
  15  0:35  Probe (Chrono Boost)  
  16  0:36  Gateway  
  16  0:46  Probe (Chrono Boost)  
  17  0:52  Assimilator  
  17  0:56  Probe (Chrono Boost)  
  18  1:16  Nexus  
  18  1:20  Probe (Chrono Boost)  
  19  1:31  Cybernetics Core  
  19  1:34  Probe (Chrono Boost)  
  20  1:42  Assimilator  
  20  1:45  Probe (Chrono Boost)  
  21  1:52  Pylon  
  21  1:56  Probe (Chrono Boost)  
  22  2:07  Probe (Chrono Boost)  
  22  2:10  Adept  
  24  2:18  Mothership Core (Chrono Boost)  
  26  2:35  Gateway  
  26  2:36  Probe x2 (Chrono Boost)  
  28  2:42  Stalker  
  30  2:46  Probe (Chrono Boost)  
  30  2:47  Probe (Chrono Boost)  
  32  2:57  Probe x2 (Chrono Boost)  
  34  3:03  Pylon  
  34  3:07  Probe (Chrono Boost)  
  34  3:08  Probe (Chrono Boost)  
  34  3:12  Stalker (Chrono Boost)  
  36  3:29  Warp Gate  
  36  3:31  Stalker (Chrono Boost)  
  38  3:34  Pylon  
  38  3:41  Probe  
  38  3:42  Probe, Pylon  
  38  3:45  Stalker (Chrono Boost)  
  35  4:20  Stalker (Chrono Boost)  
  37  4:24  Stargate  
  37  4:26  Gateway  
  37  4:29  Stalker (Chrono Boost), Gateway  
  39  4:33  Probe  
  39  4:34  Probe, Pylon  
  41  4:44  Probe  
  42  4:46  Probe  
  42  4:47  Stalker (Chrono Boost)  
  45  4:54  Probe  
  48  5:01  Stalker (Chrono Boost), Twilight Council  
  48  5:10  Forge, Oracle (Chrono Boost)  
  51  5:14  Probe  
  51  5:16  Probe  
  53  5:22  Pylon  
  53  5:25  Probe  
  54  5:34  Adept  
  56  5:38  Probe  
  56  5:39  Probe  
  56  5:42  Assimilator  
  58  5:45  Oracle (Chrono Boost), Assimilator  
  61  5:52  Pylon  
  61  5:56  Photon Cannon  
  61  5:57  Stalker  
  61  6:03  Blink (Chrono Boost)  
  63  6:19  Stalker  
  63  6:20  Probe  
  63  6:22  Probe  
  67  6:29  Pylon  
  67  6:31  Pylon  
  67  6:37  Photon Cannon  
  67  6:42  Stalker x3  
  73  7:06  Fleet Beacon  
  73  7:10  Void Ray (Chrono Boost)  
  73  7:14  Adept x3  
  83  7:19  Pylon  
  80  7:37  Adept  
  80  7:38  Adept x3  
  88  7:53  Tempest (Chrono Boost)  
  88  7:55  Resonating Glaives  
  88  7:58  Probe  
  92  7:59  Probe  
  94  8:08  Probe  
  94  8:11  Probe  
  96  8:22  Nexus  
  96  8:27  Pylon  
  96  8:31  Stargate  
  96  8:39  Tempest (Chrono Boost)  
  100  8:51  Templar Archives  
  100  8:58  Adept  
  100  8:59  Adept x2  
  106  9:05  Photon Cannon  
  106  9:09  Photon Cannon  
  106  9:23  Tempest (Chrono Boost)  
  110  9:34  Probe  
  110  9:36  Probe x2  
  113  9:41  High Templar x2  
  113  9:45  Probe  
  117  9:46  Gateway  
  118  9:58  Psionic Storm  
  118  10:01  Adept x2  
  118  10:05  Gateway  
  122  10:12  Probe  
  122  10:13  Probe  
  124  10:17  Assimilator  
  124  10:21  Assimilator  
  124  10:22  Tempest (Chrono Boost)  
  124  10:25  Adept  
  130  10:29  Adept  
  130  10:33  Pylon  
  132  10:38  Adept x2  
  140  10:50  Tempest (Chrono Boost)  
  140  10:55  Adept x3  
  146  11:04  Protoss Air Weapons Level 1  
  146  11:09  High Templar  
  148  11:16  Pylon  
  148  11:18  Probe, Pylon  
  149  11:21  Pylon  
  149  11:32  Probe  
  149  11:34  Tempest (Chrono Boost)  
  149  11:36  Probe  
  149  11:37  Probe  
  156  11:40  Pylon  
  156  11:44  Adept  
  156  11:45  Adept  
  170  12:02  Adept x2  
  170  12:06  Tempest (Chrono Boost)  
  174  12:09  Pylon  
  174  12:15  High Templar  
  174  12:18  High Templar  
  174  12:20  Zealot  
  180  12:25  Nexus  
  180  12:28  High Templar  
  182  12:35  Adept x2  
  186  12:50  Adept  
  188  12:56  Pylon  
  188  12:59  Pylon  
  188  13:05  Photon Cannon  
  188  13:07  Photon Cannon  
  188  13:11  Photon Cannon  
  152  13:31  Adept x3  
  152  13:32  Adept  
Tags
 
Add a new tag
Caveats
  • Supply blocks, unpowered buildings, or Contaminate may cause inaccurate times.
  • Supply counts are checked every 10 seconds.